 Dungeon Crawl Stone Soup version 0.23-b1-75-g379dba2534 (webtiles) character file.

Game seed: 8647234503950936666

6584 turbotont the Slicer (level 11, -3/72 HPs)
             Began as a Halfling Fighter on Feb 6, 2019.
             Was a Believer of the Shining One.
             Killed by divine providence
             ... invoked by an orc priest
              (13 damage)
             ... on level 9 of the Dungeon on Feb 7, 2019.
             The game lasted 01:20:34 (6734 turns).

turbotont the Slicer (Halfling Fighter)             Turns: 6734, Time: 01:20:35

Health: -3/72      AC: 14    Str: 25    XL:     11   Next: 21%
Magic:  11/11      EV: 11    Int:  6    God:    the Shining One [**....]
Gold:   389        SH: 14    Dex: 15    Spells: 10/10 levels left

rFire    . . .     SeeInvis .   e - +2 short sword (speed)
rCold    + . .     Gourm    .   c - +1 shield
rNeg     + . .     Faith    .   w - +1 chain mail {rPois}
rPois    +         Spirit   .   K - +0 helmet
rElec    .         Reflect  .   x - +0 cloak
rCorr    .         Harm     .   (no gloves)
MR       .....                  (no boots)
Stlth    ..........             (no amulet)
HPRegen  0.22/turn              E - ring of protection from cold
MPRegen  0.12/turn              (no ring)

@: mighty, glowing
A: small, claws 1, mutation resistance 1
a: Divine Shield, Renounce Religion


You were on level 9 of the Dungeon.
You worshipped the Shining One.
The Shining One was pleased with you.
You were not hungry.

You visited 1 branch of the dungeon, and saw 9 of its levels.

You collected 389 gold pieces.

Inventory:

Hand Weapons
 a - a +0 rapier
 e - a +2 short sword of speed (weapon)
 J - a +0 blowgun
Missiles
 D - a throwing net (quivered)
 I - 20 poisoned needles
Armour
 c - a +1 shield (worn)
 w - a +1 chain mail of poison resistance (worn)
 x - a +0 cloak (worn)
 H - a +2 chain mail of fire resistance
 K - a +0 helmet (worn)
Jewellery
 z - an uncursed amulet of harm
 E - a ring of protection from cold (left claw)
Wands
 b - a wand of paralysis (10)
 A - a wand of scattershot (7)
Scrolls
 h - a scroll of enchant armour
 o - 4 scrolls of remove curse
 q - 3 scrolls of teleportation
 r - a scroll of holy word {unknown}
 s - 2 scrolls of enchant weapon {unknown}
 u - a scroll of magic mapping {unknown}
 y - 2 scrolls of immolation {unknown}
 C - a scroll of fear
 F - a scroll of noise
Potions
 d - a potion of might
 g - 2 potions of agility
 j - 4 potions of brilliance
 k - 3 potions of lignification
 l - a potion of heal wounds {unknown}
 m - a potion of cancellation {unknown}
 n - a potion of flight {unknown}
 p - a potion of resistance {unknown}
 t - a potion of haste
 v - a potion of mutation
 B - a potion of ambrosia {unknown}
Comestibles
 f - 18 rations


   Skills:
 - Level 6.0 Fighting
 + Level 12.4 Short Blades
 + Level 0.4 Throwing
 + Level 7.4 Armour
 + Level 3.9 Dodging
 + Level 1.0 Stealth
 + Level 9.9 Shields


You had 10 spell levels left.
You didn't know any spells.
Your spell library was empty.

Dungeon Overview and Level Annotations

Branches:
Dungeon (9/15)             Temple (0/1) D:7            Lair (0/6) D:8
    Orc: D:9-12

Altars:
Ashenzari
Dithmenos
Fedhas
Xom
The Shining One

Shops:
D:9 %


Innate Abilities, Weirdness & Mutations

You are small and have problems with some larger weapons.
You are somewhat resistant to further mutation.
You have sharp fingernails.


Message History

The orc hits you but does no damage. You block the orc priest's attack.
The orc priest casts a cantrip, but nothing happens.
You feel very mighty all of a sudden.
You block the water moccasin zombie's attack.
The orc hits you but does no damage.
The orc priest mumbles some strange prayers to Beogh against you.
Beogh smites you!
* * * LOW HITPOINT WARNING * * *
You hear a shout!
You puncture the orc priest!
You kill the orc priest!
The Shining One accepts your kill.
You feel better.
The water moccasin zombie bites you but does no damage.
You impale the water moccasin zombie!!
The water moccasin zombie is heavily damaged.
The orc completely misses you.
The orc priest calls down the wrath of Beogh upon you.
Beogh smites you!
You die...

. .. o.. #####
o.o.
.....#####.....
#.........o.
#..o........
#..o##########
#..o@Z....>...
#.............
#####.########
#.#
######.#########
.................
.................
######...########
#...#


You could see 2 orc priests, an orc and a water moccasin zombie.

Vanquished Creatures
  2 two-headed ogres (D:8)
  A gargoyle (D:9)
  A hippogriff (D:7)
  A wyvern (D:8)
  A hungry ghost (D:7)
  Menkaure (D:4)
  An acid dragon (D:9)
  Duvessa (D:6)
  5 porcupines (D:8)
  3 sky beasts
  2 black bears (D:8)
  An eye of draining (D:8)
  5 ogres
  3 ice beasts
  2 wolves (D:8)
  A big kobold (D:9)
  2 centaurs
  4 crocodiles (D:8)
  Blork the orc (D:4)
  2 bullfrogs
  A gnoll sergeant (D:7)
  Dowan (D:6)
  8 killer bees
  3 wights (D:9)
  3 crimson imps
  4 hounds
  2 jellies
  5 orc priests
  4 orc wizards
  3 iguanas
  3 worker ants
  A hound skeleton (D:8)
  3 worker ant zombies
  7 adders
  6 gnolls
  2 shadow imps
  3 oozes
  An adder zombie (D:8)
  An adder skeleton (D:7)
  6 worms
  4 dart slugs
  3 leopard geckos
  19 orcs
  A giant cockroach (D:2)
  6 goblins
  7 hobgoblins
  3 jackals (D:1)
  17 kobolds
  4 quokkas
  A ball python (D:2)
  A ball python skeleton (D:4)
  18 bats
  4 frilled lizards
  A quokka skeleton (D:7)
  A quokka zombie (D:8)
  9 rats
206 creatures vanquished.

Notes
Turn   | Place    | Note
-------+----------+-------------------------------------------
     0 | D:1      | turbotont the Halfling Fighter began the quest for the Orb.
     0 | D:1      | Reached XP level 1. HP: 15/15 MP: 1/1
     3 | D:1      | Noticed an electric eel
    75 | D:1      | Reached XP level 2. HP: 20/20 MP: 2/2
   270 | D:1      | Reached XP level 3. HP: 22/26 MP: 3/3
   273 | D:1      | Reached skill level 3 in Short Blades
   709 | D:2      | Reached XP level 4. HP: 31/31 MP: 4/4
   982 | D:2      | Reached skill level 4 in Short Blades
  1190 | D:3      | Reached XP level 5. HP: 32/36 MP: 5/5
  1443 | D:3      | Noticed an ice beast
  1467 | D:3      | Killed an ice beast
  1467 | D:3      | Reached skill level 5 in Short Blades
  1467 | D:3      | Reached XP level 6. HP: 26/42 MP: 6/6
  2215 | D:4      | Reached skill level 5 in Shields
  2301 | D:4      | Noticed Blork the orc
  2327 | D:4      | Killed Blork the orc
  2327 | D:4      | Reached XP level 7. HP: 30/46 MP: 7/7
  2341 | D:4      | Noticed Menkaure
  2356 | D:4      | Killed Menkaure
  2356 | D:4      | Reached skill level 6 in Short Blades
  2356 | D:4      | Reached skill level 1 in Dodging
  2982 | D:5      | Entered Level 5 of the Dungeon
  3179 | D:5      | Found a shattered altar of Ashenzari.
  3179 | D:5      | Found a blossoming altar of Fedhas.
  3180 | D:5      | Found a shadowy altar of Dithmenos.
  3268 | D:5      | Reached skill level 7 in Short Blades
  3397 | D:5      | Reached XP level 8. HP: 54/54 MP: 8/8
  3635 | D:6      | Found a glowing golden altar of the Shining One.
  3641 | D:6      | Became a worshipper of the Shining One
  3702 | D:6      | Found a shimmering altar of Xom.
  3946 | D:6      | Reached skill level 8 in Short Blades
  3997 | D:6      | Noticed Duvessa
  3997 | D:6      | Noticed Dowan
  4034 | D:6      | Killed Duvessa
  4040 | D:6      | Killed Dowan
  4152 | D:6      | Reached skill level 5 in Armour
  4311 | D:6      | Reached XP level 9. HP: 59/59 MP: 9/9
  4643 | D:7      | Found a staircase to the Ecumenical Temple.
  4659 | D:7      | Reached skill level 9 in Short Blades
  4684 | D:7      | Gained mutation: You have sharp fingernails. [potion of
                  | mutation]
  4912 | D:7      | Noticed a hippogriff
  4912 | D:7      | Reached * piety under the Shining One
  4924 | D:7      | Killed a hippogriff
  4924 | D:7      | Reached skill level 5 in Fighting
  5322 | D:8      | Reached XP level 10. HP: 36/66 MP: 10/10
  5339 | D:8      | Noticed a two-headed ogre
  5532 | D:8      | Reached skill level 10 in Short Blades
  5684 | D:8      | Reached skill level 11 in Short Blades
  5797 | D:8      | Found a staircase to the Lair.
  5896 | D:8      | Reached ** piety under the Shining One
  6096 | D:8      | Noticed a two-headed ogre
  6115 | D:8      | Killed a two-headed ogre
  6253 | D:8      | Killed a two-headed ogre
  6253 | D:8      | Reached skill level 12 in Short Blades
  6253 | D:8      | Reached skill level 1 in Stealth
  6253 | D:8      | Reached XP level 11. HP: 27/72 MP: 11/11
  6601 | D:9      | HP: 2/72 [acid (8)]
  6625 | D:9      | Found Zidaas's Food Shop.
  6734 | D:9      | Killed from afar by an orc priest

Skill      XL: |  1  2  3  4  5  6  7  8  9 10 |
---------------+-------------------------------+-----
Fighting       | 3 4 5 6 |  6.0
Short Blades   | 3 4 5 7 8 9 12 | 12.4
Shields        | 4 5 6 8 9 |  9.9
Armour         | 4 5 6 7 |  7.4
Dodging        | 1 2 3 |  3.9
Stealth        | 1 |  1.0
Throwing       | |  0.4

Action                   |  1- 3 |  4- 6 |  7- 9 | 10-12 || total
-------------------------+-------+-------+-------+-------++-------
Melee: Short sword       |    92 |   262 |   489 |   386 ||  1229
       Rapier            |     7 |       |       |       ||     7
Throw: Throwing net      |       |       |       |     1 ||     1
  Use: Scroll            |     1 |     3 |     5 |     2 ||    11
       Potion            |       |     1 |     3 |     7 ||    11
  Eat: Chunk             |       |     5 |     7 |     6 ||    18
       Ration            |       |       |     1 |       ||     1
Armor: Scale mail        |    24 |    37 |    25 |       ||    86
       Chain mail        |       |       |    39 |    33 ||    72
Dodge: Dodged            |    18 |    46 |    54 |    36 ||   154
Block: Shield            |    30 |    79 |   138 |   105 ||   352
